cohdb
Replays
Latest Replays
All Replays
Popular Replays
Top Player Replays
Match Explorer
How It Works
Community
CoH3 Stats
Reddit
Sign in to upload your games and track your stats! →
Sign in with Steam
Match 44128945
Unlisted
Match 44128945
Overview
Messages
Build Orders
End
Selects Italian Combined Arms Battlegroup
Selects Bersaglieri Squad
Bersaglieri Squad
Kradschützen Motorcycle Team
Bersaglieri Squad
Panzerpioneer Squad
Bersaglieri Squad
Construct Light Support Kompanie
Fire Support Elements
Flakvierling Half-track
Panzerjäger Mechanized Group
Construct Panzerarmee Kommand
Armored Reserves
Panzer III L Medium Tank
MG34 Team
Panzer IV Assault Group
Panzerpioneer Squad
Graf Rommel
DrewP
0
0
Comments
sign in to comment!
No comments posted yet!